 Dungeon Crawl Stone Soup version 0.17-a0-2064-g265a032 (webtiles) character file.

189 SlimeFever the Insei (level 5, -2/42 HPs)
             Began as a Demonspawn Monk on Oct 12, 2015.
             Slain by Menkaure (17 damage)
             ... on level 4 of the Dungeon.
             The game lasted 00:18:59 (2677 turns).

SlimeFever the Insei (Demonspawn Monk)              Turns: 2677, Time: 00:18:59

Health: -2/42      AC:  2    Str: 12    XL:     5   Next: 40%
Magic:  5/5        EV: 22    Int: 12    God:
Gold:   233        SH:  0    Dex: 20    Spells: 0 memorised, 4 levels left

rFire  + + .     SeeInvis .       - Unarmed
rCold  x x .     Clarity  .     a - +0 robe
rNeg   . . .     SustAt   .     (no shield)
rPois  .         Gourm    .     (helmet restricted)
rElec  .         Spirit   .     (no cloak)
rCorr  .         Warding  .     (no gloves)
rMut   .         Stasis   .     (no boots)
MR     .....                    (no amulet)
Stlth  +++.......               e - ring of fire
                                d - ring of fire

@: agile, not resistant to hostile enchantments, fairly stealthy
A: horns 1, repulsion field 1, rot immunity
a: no special abilities


You were on level 4 of the Dungeon.
You were hungry.

You visited 1 branch of the dungeon, and saw 4 of its levels.

You collected 233 gold pieces.

Inventory:

Missiles
 h - 10 arrows of frost
 j - 32 sling bullets
 l - 40 bolts
Armour
 a - a +0 robe (worn)
Jewellery
 d - a ring of fire (left hand)
 e - a ring of fire (right hand)
Scrolls
 c - 2 scrolls of teleportation
 f - a scroll of identify
 i - 2 scrolls of remove curse
 o - a scroll of recharging
Potions
 g - a potion of agility
 k - 2 potions of curing
 m - a potion of brilliance
Comestibles
 b - 5 bread rations
 n - 2 meat rations
 p - a royal jelly


   Skills:
 + Level 4.0 Fighting
 + Level 3.7 Dodging
 + Level 2.2 Stealth
 + Level 4.7 Unarmed Combat


You had 4 spell levels left.
You didn't know any spells.

Dungeon Overview and Level Annotations

Branches:
Dungeon (4/15)
 Temple: D:4-7

Altars:
Cheibriados
Makhleb
Trog
The Shining One

Annotations:
D:4 Edmund, Menkaure


Innate Abilities, Weirdness & Mutations

You have a pair of small horns on your head.
You are surrounded by a mild repulsion field (EV +2).
You are immune to rotting.


Message History

Your body is wracked with pain!
You see here a buckler.
There is a stone staircase leading up here.
Menkaure calls on the powers of darkness!
Your body is wracked with pain!
You feel agile all of a sudden. Menkaure completely misses you.
You hit Menkaure but do no damage. You hit Menkaure.
Your headbutt misses Menkaure.
Menkaure is lightly damaged.
Menkaure grins.
Menkaure barely misses you.
You hit Menkaure. You headbutt Menkaure.
Menkaure is heavily damaged.
Menkaure casts a spell.
Menkaure seems to speed up.
You hit Menkaure.
Menkaure is severely damaged.
Menkaure hits you!
You die...

........
+.........
#.......
#......... #......
##........ #...%.#
# ##.....##
#.....#.# ##...##
#.......# ##+##
#####.#### #.#
#.....M..# #.#
#.###@##.# ##.##
#.#
#.##.#######...##
#.#
#........##.....#
#.#
####.###.###...###
#.# #.#
#..........
#.######<#
###########
#.....[..#
##########


You could see Menkaure.

Vanquished Creatures
  An ogre (D:4)
  3 adders (D:3)
  4 worms (D:2)
  A giant gecko (D:1)
  7 orcs
  2 giant cockroaches
  5 hobgoblins
  2 kobolds (D:2)
  3 quokkas
  11 bats
  2 giant newts
  7 goblins
  6 rats
54 creatures vanquished.

Notes
Turn   | Place    | Note
--------------------------------------------------------------
     0 | D:1      | SlimeFever the Demonspawn Monk began the quest for the Orb.
     0 | D:1      | Reached XP level 1. HP: 18/18 MP: 1/1
   573 | D:2      | Gained mutation: You are immune to rotting. [demonic ancestry]
   573 | D:2      | Reached XP level 2. HP: 22/24 MP: 2/2
   659 | D:2      | Found a bloodstained altar of Trog.
   659 | D:2      | Found a burning altar of Makhleb.
   662 | D:2      | Found a glowing golden altar of the Shining One.
   680 | D:2      | Found a snail-covered altar of Cheibriados.
   843 | D:2      | Reached skill level 4 in Unarmed Combat
  1293 | D:2      | Gained mutation: You are surrounded by a mild repulsion field (EV +2). [demonic ancestry]
  1293 | D:2      | Reached XP level 3. HP: 18/29 MP: 3/3
  1930 | D:3      | Reached XP level 4. HP: 25/37 MP: 4/4
  2287 | D:4      | Found a glowing golden altar of the Shining One.
  2291 | D:4      | Noticed an ogre
  2304 | D:4      | Killed an ogre
  2304 | D:4      | Gained mutation: You have a pair of small horns on your head. [demonic ancestry]
  2304 | D:4      | Reached XP level 5. HP: 5/42 MP: 5/5
  2590 | D:4      | Noticed Edmund
  2646 | D:4      | Noticed Menkaure
  2677 | D:4      | Slain by Menkaure

Vault maps used:
D:1:      erik_arrival_triangle_large
D:2:      nicolae_overflow_quartered_altars
D:3:      minmay_tree_intersection
D:4:      elyvilon_altar_4, first_bread, tso_metal_star, uniq_edmund,
          uniq_menkaure

Action                   |  1- 3 |  4- 6 || total
-------------------------+-------+-------++-------
Melee: Unarmed           |   183 |    76 ||   259
  Use: Scroll            |     6 |     3 ||     9
       Potion            |       |     1 ||     1
 Stab: Sleeping          |     1 |       ||     1
  Eat: Meat ration       |     1 |       ||     1
